 Dungeon Crawl Stone Soup version 0.29.1-12-g30fa7ad0bf (webtiles) character file.

Game seed: 8429490993492180463

377 Peloso the Slasher (level 6, -2/82 HPs)
             Began as a Minotaur Fighter on Jan 1, 2023.
             Killed from afar by a white imp (4 damage)
             ... with a puff of frost
             ... summoned by Natasha
             ... on level 4 of the Dungeon.
             The game lasted 00:06:57 (2251 turns).

Peloso the Slasher (Minotaur Fighter)               Turns: 2251, Time: 00:06:58

Health: -2/82      AC: 11    Str: 20    XL:     6   Next: 45%
Magic:  5/5        EV:  7    Int:  9    God:
Gold:   143        SH:  0    Dex: 12    Spells: 5/5 levels left

rFire   + . .      SeeInvis .   a - +0 long sword
rCold   . . .      Faith    .   d - +0 buckler
rNeg    + . .      Spirit   .   c - +2 chain mail {rF+}
rPois   .          Reflect  .   (helmet restricted)
rElec   .          Harm     .   (no cloak)
rCorr   .          Rampage  .   (no gloves)
Will    .....                   (no boots)
Stlth   ..........              n - amulet of Vol Igilod {RegenMP Int+4}
HPRegen 0.23/turn               s - ring of positive energy
MPRegen 0.49/turn               (no ring)

@: confused, berserking, very quick
A: horns 2, retaliatory headbutt
a: no special abilities


You were on level 4 of the Dungeon.
You visited 1 branch of the dungeon, and saw 5 of its levels.

You collected 143 gold pieces.

Inventory:

Hand Weapons
 a - a +0 long sword (weapon)
Armour
 b - a +0 scale mail
 c - a +2 chain mail of fire resistance (worn)
 d - a +0 buckler (worn)
Jewellery
 n - the amulet of Vol Igilod (around neck) {RegenMP Int+4}
   (You found it on level 3 of the Dungeon)

   [amulet of magic regeneration]

   It increases your rate of magic regeneration.
   Int:       It affects your intelligence (+4).
 s - a ring of positive energy (left hand)
Wands
 q - a wand of polymorph (9)
Scrolls
 h - a scroll of fear
 i - 3 scrolls of magic mapping
 o - a scroll of immolation
 p - a scroll of teleportation {unknown}
 t - a scroll of poison {unknown}
Potions
 e - 2 potions of might
 f - 2 potions of curing
 j - a potion of mutation
 k - a potion of heal wounds {unknown}
 l - a potion of degeneration {unknown}
 m - a potion of magic {unknown}
 r - a potion of haste {unknown}
 u - a potion of brilliance {unknown}


   Skills:
 + Level 4.8 Fighting
 + Level 6.0 Long Blades
 + Level 4.7 Armour
 + Level 1.1 Dodging
 + Level 0.3 Stealth
 + Level 4.5 Shields
 + Level 1.0 Unarmed Combat


You had 5 spell levels left.
You didn't know any spells.
Your spell library contained the following spells:

 Spells                   Type           Power      Damage    Failure   Level
 Sting                    Tmut/Pois      0%         1d3       99%         1
 Summon Small Mammal      Summ           0%         N/A       99%         1
 Call Canine Familiar     Summ           0%         N/A       100%        3
 Summon Guardian Golem    Hex/Summ       0%         N/A       100%        3


Dungeon Overview and Level Annotations

Branches:
Dungeon (5/15)
 Temple: D:4-7

Altars:
Sif Muna

Annotations:
D:4 Natasha


Innate Abilities, Weirdness & Mutations

You have a pair of horns on your head.
You reflexively headbutt those who attack you in melee.


Message History

A magic dart appears from out of thin air!
The magic dart hits you.
* * * LOW HITPOINT WARNING * * *
The white imp gestures at you. The puff of frost hits you.
* * * LOW HITPOINT WARNING * * *
Natasha claws you but does no damage. Something hits you.
* * * LOW HITPOINT WARNING * * *
You feel better. The white imp barely misses you. You furiously retaliate!
You headbutt the white imp, but do no damage.
Natasha claws you.
* * * LOW HITPOINT WARNING * * *
A red film seems to cover your vision as you go berserk!
You feel yourself moving faster!
You feel mighty! The white imp gestures at you. The puff of frost hits you!
* * * LOW HITPOINT WARNING * * *
Natasha casts a spell.
You hear some strange, mumbled words.
You are confused.
You slash something!
Reactivating autopickup.
You feel a bit more experienced. The white imp gestures at you.
The puff of frost hits you.
* * * LOW HITPOINT WARNING * * *
Natasha completely misses you.
Your Long Blades skill increases to level 6!
Your Dodging skill increases to level 1!
Your Unarmed Combat skill increases to level 1!
You have reached level 6!
You slash Natasha!
Natasha is severely wounded.
The white imp hits you but does no damage.
Natasha claws you but does no damage. The white imp gestures at you.
The puff of frost hits you but does no damage.
The white imp gestures at you. The puff of frost hits you.
You die...

...#~..~~~≈≈≈≈≈
#..#8..8#~~~~≈≈
#...8..8#...~~
...........##
#.###.......$..# #
.....?........# ## #.
#... #......)##.
#..#.###..# #..@h......
.......... #...5......
<........## ##).5......
..........#####......#..
................$....# .
........>.............#
........#)............#
###...###[.....#......#
. ##.##.......###.......


You could see Natasha and 2 white imps.

Vanquished Creatures
  Sigmund (D:4)
  Ijyb (D:3)
  Natasha (D:4)
  Robin (D:2)
  A gnoll (D:1)
  An adder (D:2)
  2 worms (D:3)
  2 dart slugs
  5 orcs (D:3)
  7 endoplasms
  2 giant cockroaches
  16 goblins
  12 hobgoblins
  15 jackals
  7 quokkas
  8 ball pythons
  3 bats
  7 frilled lizards
  4 kobolds
  2 rats (D:2)
98 creatures vanquished.

Vanquished Creatures (others)
  A fungus (D:1)
  2 plants (D:1)
3 creatures vanquished.

Grand Total: 101 creatures vanquished

Notes
Turn   | Place    | Note
-------+----------+-------------------------------------------
     0 | D:1      | Peloso the Minotaur Fighter began the quest for the Orb.
     0 | D:1      | Reached XP level 1. HP: 19/19 MP: 0/0
   139 | D:1      | Reached XP level 2. HP: 27/27 MP: 1/1
   142 | D:1      | Reached skill level 3 in Long Blades
   241 | D:1      | Reached XP level 3. HP: 33/33 MP: 2/2
   394 | D:1      | Found a faded altar of an unknown god.
   400 | D:1      | Got Plato's Grimoire of Shapeshifting
   693 | D:2      | Reached skill level 4 in Long Blades
   751 | D:2      | Reached XP level 4. HP: 40/40 MP: 3/3
   772 | D:2      | Noticed Robin
   787 | D:2      | Killed Robin
  1515 | D:3      | Identified the amulet of Vol Igilod {RegenMP Int+4}
  1559 | D:3      | Noticed Ijyb
  1618 | D:3      | Killed Ijyb
  1619 | D:3      | Reached skill level 5 in Long Blades
  1619 | D:3      | Reached XP level 5. HP: 42/47 MP: 4/4
  1911 | D:3      | Found a shimmering blue altar of Sif Muna.
  2084 | D:4      | Noticed Natasha
  2094 | D:4      | Killed Natasha
  2193 | D:4      | Noticed Natasha
  2200 | D:5      | Entered Level 5 of the Dungeon
  2222 | D:4      | Noticed Sigmund
  2248 | D:4      | HP: 3/70 [white imp/puff of frost[Natasha] (10)]
  2249 | D:4      | Killed Sigmund
  2250 | D:4      | Reached skill level 6 in Long Blades
  2250 | D:4      | Reached skill level 1 in Dodging
  2250 | D:4      | Reached skill level 1 in Unarmed Combat
  2250 | D:4      | Reached XP level 6. HP: 2/55 MP: 5/5
  2251 | D:4      | Killed from afar by a white imp

Illustrated notes

Levels and vault maps discovered:
D:1:      lightli_arrival_lavapool, layout_rooms,
          shapermc_ecumenical_altar_rom_forum, item_on_display_a
D:2:      layout_basic, serial_glass, glass_columns_b, glass_columns_b,
          chequers_arboretum, uniq_robin
D:3:      layout_rooms, mainiacjoe_overflow_alcove_1,
          hangedman_abyss_or_decor_lesser_grid, st_stairs_13, minivault_14,
          grunt_decor_cap, uniq_ijyb
D:4:      wander_river, layout_cave_pools, minmay_temple_entry_waves,
          serial_shops, nicolae_shop_overgrown_old_shop, uniq_sigmund,
          uniq_natasha
D:5:      layout_loops_ring, elyvilon_altar_5, old_standard_altar

Skill      XL: |  1  2  3  4  5 |
---------------+----------------+-----
Long Blades    | 3 4 5 6 |  6.0
Fighting       | 4 |  4.8
Shields        | 4 |  4.5
Armour         | 4 |  4.7
Dodging        | 1 |  1.1
Unarmed Combat | 1 |  1.0
Stealth        | |  0.3

Action                   |  1- 3 |  4- 6 || total
-------------------------+-------+-------++-------
Melee: Long sword        |    78 |   136 ||   214
       Headbutt          |    11 |    22 ||    33
       Unarmed           |       |    18 ||    18
  Use: Scroll            |     2 |     3 ||     5
       Potion            |     2 |     2 ||     4
Armor: Scale mail        |    17 |       ||    17
       Chain mail        |    41 |    94 ||   135
       Skin              |       |     3 ||     3
Dodge: Dodged            |    45 |    54 ||    99
Block: Buckler           |    32 |    33 ||    65
